 Dungeon Crawl Stone Soup version 0.30-a0-1085-g990a428a5c (webtiles) character file.

Game seed: 5334460498614318642

31418 lorenzova the Eclecticist (level 13, -3/63 HPs)
             Began as a Deep Elf Conjurer on Apr 16, 2023.
             Was a Priest of Vehumet.
             Shot with an arrow by Nessos (14 damage)
             ... on level 4 of the Lair of Beasts.
             The game lasted 01:11:09 (27759 turns).

lorenzova the Eclecticist (Deep Elf Conjurer)      Turns: 27759, Time: 01:11:11

Health: -3/63      AC:  7    Str:  8    XL:     13   Next: 25%
Magic:  44/44      EV: 11    Int: 29    God:    Vehumet [***...]
Gold:   879        SH:  0    Dex: 11    Spells: 8/44 levels left

rFire   + . .      SeeInvis .    s - staff of cold
rCold   + . .      Faith    .    (no shield)
rNeg    . . .      Spirit   .    p - +2 leather armour "Fahyriogg" {Will+ Str+4 Dex-2 Slay+2}
rPois   +          Reflect  .    (no helmet)
rElec   .          Rampage  .    w - +0 cloak
rCorr   .                        (no gloves)
Will    +++..                    r - +0 pair of boots
Stlth   ++                       g - amulet of magic regeneration
HPRegen 0.30/turn                o - ring of poison resistance
MPRegen 0.69/turn                a - ring "Rucelatz" {rF+ MP+9}

@: lethally poisoned (-3 -> -32)
A: claws 1, strong-willed 1
a: Renounce Religion


You were on level 4 of the Lair of Beasts.
You worshipped Vehumet.
Vehumet was most pleased with you.
You visited 3 branches of the dungeon, and saw 16 of its levels.
You also visited: Ice Cave.

You collected 879 gold pieces.

Inventory:

Hand Weapons
 c - a +1 short sword of protection
 B - the +7 falchion "Killer Bee's Peril" {freeze, +Blink rElec Int-2 Stlth+}
   (You found it on level 6 of the Dungeon)

   Int:       It affects your intelligence (-2).
   rElec:     It insulates you from electricity.
   +Blink:    It lets you blink.
   Stlth:     It makes you more stealthy.
Armour
 p - the +2 leather armour "Fahyriogg" (worn) {Will+ Str+4 Dex-2 Slay+2}
   (You found it on level 2 of the Dungeon)

   Str:       It affects your strength (+4).
   Dex:       It affects your dexterity (-2).
   Slay:      It affects your accuracy & damage with ranged weapons and melee
   (+2).
   Will:      It increases your willpower.
 r - a +0 pair of boots (worn)
 w - a +0 cloak (worn)
 L - +0 acid dragon scales
 M - a +2 leather armour of fire resistance
Magical Staves
 s - a staff of cold (weapon)
 K - a staff of conjuration
Jewellery
 a - the ring "Rucelatz" (right claw) {rF+ MP+9}
   (You found it in an ice cave)

   [ring of protection from fire]

   rF:        It protects you from fire.
   MP:        It affects your magic capacity (+9).
 d - a ring of protection from fire
 g - an amulet of magic regeneration (around neck)
 j - a ring of positive energy
 o - a ring of poison resistance (left claw)
 C - a ring of see invisible
 J - the ring of the Dozen Nights {Ice rPois}
   (You found it in an ice cave)

   [ring of ice]

   It enhances your ice magic.
   rF:        It makes you vulnerable to fire.
   rC:        It protects you from cold.
   rPois:     It protects you from poison.
 N - a ring of protection from fire
Wands
 G - a wand of flame (24)
Scrolls
 e - 3 scrolls of amnesia
 i - 2 scrolls of fog
 n - 4 scrolls of enchant armour
 t - 4 scrolls of enchant weapon
 u - 4 scrolls of vulnerability
 v - a scroll of fear
 x - 4 scrolls of teleportation
 y - a scroll of poison {unknown}
 D - a scroll of magic mapping
 H - a scroll of noise {unknown}
 I - 2 scrolls of brand weapon {unknown}
 P - a scroll of identify
Potions
 b - 6 potions of magic
 f - 2 potions of mutation
 h - 5 potions of curing
 k - 3 potions of attraction
 l - 2 potions of cancellation
 m - 3 potions of ambrosia
 z - 2 potions of degeneration {unknown}
 A - 3 potions of flight
 E - a potion of berserk rage {unknown}
 F - a potion of resistance {unknown}
 O - a potion of haste {unknown}


   Skills:
 - Level 2.4 Dodging
 - Level 2.4 Stealth
 * Level 16.2 Spellcasting
 * Level 14.3 Conjurations
 - Level 6.0 Hexes
 - Level 6.0 Translocations
 * Level 10.5 Fire Magic
 * Level 8.3 Air Magic


You had 8 spell levels left.
You knew the following spells:

 Your Spells              Type           Power      Damage    Failure   Level
a - Magic Dart            Conj           100%       1d8       0%          1
b - Searing Ray           Conj           100%       2d8       0%          2
c - Iskenderun's Mystic   Conj/Tloc      70%        2d14      1%          4
d - Fulminant Prism       Conj/Hex       35%        3d17      1%          4
e - Foxfire               Conj/Fire      100%       2x1d9     0%          1
h - Airstrike             Air            32%        2d(5-21)  1%          4
j - Arcjolt               Conj/Air       36%        1d46      1%          5
k - Swiftness             Air            64%        N/A       1%          3
o - Orb of Destruction    Conj           41%        9d11      1%          7
x - Iskenderun's Battles  Conj           82%        2d13      1%          5

Your spell library contained the following spells:

 Spells                   Type           Power      Damage    Failure   Level
 Mephitic Cloud           Conj/Pois/Air  61%        N/A       1%          3
 Shock                    Conj/Air       100%       1d9       1%          1
 Cigotuvi's Dreadful Rot  Necr/Pois/Air  78%        N/A       1%          2
 Lesser Beckoning         Tloc           100%       N/A       1%          2
 Dazzling Flash           Conj/Hex       100%       N/A       1%          3
 Gell's Gravitas          Tloc           55%        N/A       1%          3
 Inner Flame              Hex/Fire       64%        N/A       1%          3
 Portal Projectile        Hex/Tloc       100%       N/A       1%          3
 Stone Arrow              Conj/Erth      100%       3d13      1%          3
 Teleport Other           Tloc           55%        N/A       1%          3
 Tukima's Dance           Hex            55%        N/A       1%          3
 Vhi's Electric Charge    Tloc/Air       100%       N/A       1%          3
 Irradiate                Conj/Tmut      30%        3d21      1%          5
 Summon Guardian Golem    Hex/Summ       41%        N/A       2%          3
 Sublimation of Blood     Necr           23%        N/A       4%          2
 Yara's Violent Unravell  Hex/Tmut       20%        3d9       7%          5
 Iron Shot                Conj/Erth      30%        9d6       7%          6
 Ozocubu's Armour         Ice            35%        N/A       9%          3
 Animate Armour           Summ/Erth      46%        N/A       28%         4
 Dispel Undead            Necr           23%        3d12      28%         4
 Petrify                  Tmut/Erth      23%        N/A       28%         4
 Spellforged Servitor     Conj/Summ      30%        N/A       32%         7
 Blade Hands              Tmut           11%        N/A       63%         5
 Maxwell's Capacitive Co  Air            32%        ∞         80%         8
 Enfeeble                 Hex            27%        N/A       91%         7
 Lehudib's Crystal Spear  Conj/Erth      30%        10d8      91%         8
 Death Channel            Necr           11%        N/A       99%         6
 Ozocubu's Refrigeration  Ice            17%        4d11      99%         7


Dungeon Overview and Level Annotations

Branches:
Dungeon (11/15)            Temple (1/1) D:4            Lair (4/5) D:10
  Swamp (0/4) Lair:2          Orc (0/2) D:10          IceCv (visited)
  Snake: Lair:2-3    Spider: Lair:2-3     Slime: Lair:4-5

Altars:
Cheibriados
Dithmenos
Elyvilon
Gozag
Hepliaklqana
Kikubaaqudgha
Makhleb
Nemelex Xobeh
Okawaru
Qazlal
Ru
Sif Muna
Trog
Uskayaw
Vehumet
Wu Jian
Xom
Yredelemnul
Zin
The Shining One
Jiyva

Shops:
D:9 *

Portals:
Abyss: D:9
Volcano: Lair:4

Annotations:
D:3 1 runed translucent door, Notanamesir's ghost, amateur OpTm
D:4 3 runed translucent doors, Thantalas's ghost, amateur GrGl
D:9 2 transporters, minbekrie's ghost, novice TrMo
D:10 3 runed translucent doors, MrClown's ghost, journeyman DsNe
D:11 3 runed translucent doors, zero's ghost, journeyman KoHs
Lair:4 Nessos


Innate Abilities, Weirdness & Mutations

You have sharp fingernails.
You are strong-willed. (Will+)


Message History

The arrow hits you! The arrow burns you.
Nessos shoots an arrow.
The arrow hits you!!
* * * LOW HITPOINT WARNING * * *
The arrow burns you.
* * * LOW HITPOINT WARNING * * *
You feel much better.
You feel very sick.
Nessos casts a spell.
Nessos seems to speed up.
You feel much better.
You feel sick.
Nessos shoots an arrow.
The arrow hits you!!
* * * LOW HITPOINT WARNING * * *
The arrow burns you.
* * * LOW HITPOINT WARNING * * *
Nessos shoots an arrow.
The arrow barely misses you.
You feel much better.
You feel sick.
Nessos shoots an arrow.
The arrow closely misses you.
Nessos shoots an arrow.
The arrow hits you!
* * * LOW HITPOINT WARNING * * *
The arrow burns you.
* * * LOW HITPOINT WARNING * * *
You feel much better.
You feel sick.
Nessos shoots an arrow.
The arrow hits you!!
* * * LOW HITPOINT WARNING * * *
The arrow burns you.
* * * LOW HITPOINT WARNING * * *
Nessos shoots an arrow.
The arrow closely misses you.
You feel much better.
You feel sick.
Nessos shoots an arrow.
The arrow hits you! The arrow burns you.
Nessos shoots an arrow.
The arrow hits you!
* * * LOW HITPOINT WARNING * * *
The arrow burns you.
* * * LOW HITPOINT WARNING * * *
You feel much better.
You feel sick.
Nessos shoots an arrow.
The arrow hits you!!
* * * LOW HITPOINT WARNING * * *
The arrow burns you.
You are lethally poisoned!
* * * LOW HITPOINT WARNING * * *
Nessos shoots an arrow.
The arrow hits you!
You die...

**,,,,,* *,,,* *,,****,,,,
*,,,,*** *** **∩#* *,,***,,*,*
***,,*,,,***,* *§## *,,,,,,,***
*,,,****.,,,,* *≈§## *,*,,,*** *
,,,*,* *#.,,** *§§≈* ****,,* ***
,***** #..P* *..#* *,,***,, ,*
#..######..# **,,***, .*
###......#...##*****,,,,,,, .#*
###P#....#.#@...#,,,,,,,,,,,,
.P###.#.^..........#....,,,,,,,,,
............#...........,,,*,,,,,
~~.....#....#..#.......#***,,,,,,
≈~.~...........##.......,,*,,,,,*
≈~~~....................,,,,,,,,,
≈≈~~~....#........c.....,,,,,,,,,
~≈≈~~~..###.............,,,,,,,,,
.~≈≈.#.............§...,,,,,,,,*,


You could see Nessos (fast).

Vanquished Creatures
  2 azure jellies (IceCv)
  3 quicksilver oozes (IceCv)
  A hydra (Lair:3)
  A boulder beetle (Lair:3)
  2 two-headed ogres
  A skyshark (Lair:3)
  2 lindwurms (Lair:3)
  An oklob plant (Lair:2)
  A cyclops (D:11)
  A manticore (D:11)
  Joseph (D:8)
  An ice statue (IceCv)
  4 torpor snails
  2 black mambas
  2 cane toads
  A rime drake (Lair:2)
  2 gargoyles
  Psyche (D:10)
  A freezing wraith (D:11)
  3 komodo dragons
  2 trolls
  A hornet (D:8)
  5 blink frogs (Lair:3)
  9 dream sheep
  3 wyverns (D:10)
  A spriggan (Lair:3)
  9 slime creatures (IceCv)
  A vampire (D:10)
  34 yaks
  Grum (D:10)
  3 acid dragons
  5 water moccasins
  An ice beast (D:7)
  2 sky beasts
  A black bear (D:4)
  A great orb of eyes simulacrum (IceCv)
  6 centaurs
  11 wolves
  Blork the orc (D:5)
  2 slime creature simulacra (IceCv)
  A kobold brigand (D:7)
  13 bullfrogs
  6 scorpions
  3 glowing shapeshifter simulacra (IceCv)
  A gnoll sergeant (D:8)
  9 wights
  4 killer bees
  3 electric eels
  5 howler monkeys (D:11)
  5 hounds
  A jelly (D:4)
  2 gnoll boudas
  2 orc priests
  4 iguanas
  A sleepcap (D:8)
  4 orc wizards
  3 shapeshifter simulacra (IceCv)
  17 gnolls
  7 adders
  2 shadow imps
  2 ufetubi (D:6)
  3 worms
  A dart slug (D:1)
  31 orcs
  4 ball pythons
  4 endoplasms
  5 giant cockroaches
  7 hobgoblins
  6 jackals
  A quokka (D:4)
  3 bats
  2 frilled lizards
  7 goblins
  12 kobolds
  4 rats
  2 butterflies (D:4)
319 creatures vanquished.

Vanquished Creatures (others)
  An acid dragon (D:8)
  A bush (Lair:2)
  47 fulminant prisms
  11 fungi
  22 plants
82 creatures vanquished.

Grand Total: 401 creatures vanquished

Notes
Turn   | Place    | Note
-------+----------+-------------------------------------------
     0 | D:1      | lorenzova the Deep Elf Conjurer began the quest for the
                  | Orb.
     0 | D:1      | Reached XP level 1. HP: 10/10 MP: 6/6
   320 | D:1      | Reached XP level 2. HP: 15/15 MP: 4/8
   357 | D:1      | Learned a level 2 spell: Searing Ray
  1157 | D:2      | Reached skill level 4 in Spellcasting
  1265 | D:2      | Reached skill level 5 in Conjurations
  1265 | D:2      | Reached XP level 3. HP: 19/19 MP: 7/10
  1358 | D:2      | Reached XP level 4. HP: 24/24 MP: 10/12
  1869 | D:2      | Identified the +2 leather armour "Fahyriogg" {Will+ Str+4
                  | Dex-2 Slay+2}
  2246 | D:2      | Gained mutation: You have a pair of small horns on your
                  | head. [potion of mutation]
  2247 | D:2      | Lost mutation: You have a pair of small horns on your head.
                  | [potion of mutation]
  2247 | D:2      | Gained mutation: You have sharp fingernails. [potion of
                  | mutation]
  2247 | D:2      | Gained mutation: You are strong-willed. (Will+) [potion of
                  | mutation]
  2445 | D:3      | Reached skill level 5 in Spellcasting
  3245 | D:3      | Found a sacrificial altar of Ru.
  3331 | D:3      | Reached XP level 5. HP: 28/28 MP: 12/14
  3618 | D:3      | Found a runed translucent door.
  3623 | D:3      | Noticed Notanamesir's ghost (amateur OpTm)
  3795 | D:4      | Reached skill level 6 in Spellcasting
  3867 | D:4      | Reached XP level 6. HP: 32/32 MP: 11/17
  4111 | D:4      | Found a staircase to the Ecumenical Temple.
  4141 | Temple   | Entered the Ecumenical Temple
  4150 | Temple   | Became a worshipper of Vehumet
  4301 | D:4      | You fall into a shaft and drop 1 floor!
  4301 | D:5      | Entered Level 5 of the Dungeon
  4454 | D:4      | Found a runed translucent gate.
  4454 | D:4      | Found a runed translucent gate.
  4454 | D:4      | Found a runed translucent gate.
  4457 | D:4      | Found an ornate altar of the Wu Jian Council.
  4460 | D:4      | Noticed Thantalas's ghost (amateur GrGl)
  4925 | D:4      | Reached skill level 7 in Spellcasting
  5610 | D:5      | Noticed Blork the orc
  6230 | D:6      | Noticed a sky beast
  6242 | D:6      | Killed a sky beast
  6243 | D:6      | Reached XP level 7. HP: 36/36 MP: 14/20
  6268 | D:6      | Found a bloodstained altar of Trog.
  6544 | D:6      | Reached skill level 8 in Spellcasting
  6757 | D:6      | Identified the +7 falchion "Killer Bee's Peril" {freeze,
                  | +Blink rElec Int-2 Stlth+}
  6895 | D:6      | Found a white marble altar of Elyvilon.
  7143 | D:6      | Found an opulent altar of Gozag.
  7189 | D:6      | Found a basalt altar of Yredelemnul.
  7220 | D:6      | Learned a level 4 spell: Iskenderun's Mystic Blast
  7225 | D:6      | Learned a level 4 spell: Fulminant Prism
  7339 | D:7      | Reached skill level 1 in Hexes
  7562 | D:7      | Reached skill level 1 in Translocations
  7562 | D:7      | Reached XP level 8. HP: 41/41 MP: 18/22
  7579 | D:7      | Reached skill level 9 in Spellcasting
  7896 | D:7      | Reached * piety under Vehumet
  7896 | D:7      | Offered knowledge of Shock by Vehumet.
  7905 | D:7      | Found a hide-covered altar of Uskayaw.
  8260 | D:7      | Found a sparkling altar of Nemelex Xobeh.
  9102 | D:8      | Reached skill level 10 in Spellcasting
  9146 | D:8      | Noticed a hornet
  9152 | D:8      | Killed a hornet
  9158 | D:8      | Noticed Joseph
  9195 | D:8      | Reached XP level 9. HP: 45/45 MP: 21/25
  9557 | D:9      | Found Dashroalu's Changing Room.
  9569 | D:9      | Offered knowledge of Foxfire by Vehumet.
  9731 | D:9      | Reached ** piety under Vehumet
  9732 | D:9      | Reached skill level 11 in Spellcasting
  9732 | D:9      | Reached skill level 10 in Conjurations
  9742 | D:9      | Learned a level 1 spell: Foxfire
  9824 | D:9      | Noticed a two-headed ogre
  9834 | D:9      | Killed a two-headed ogre
  9835 | D:9      | Reached skill level 5 in Hexes
 10237 | D:9      | Noticed a tengu conjurer
 10237 | D:9      | Noticed a seven-headed hydra
 10237 | D:9      | Noticed a tengu warrior
 10237 | D:9      | Noticed a tengu conjurer
 10237 | D:9      | Noticed a four-headed hydra
 10238 | D:9      | Noticed a seven-headed hydra
 10238 | D:9      | Noticed a troll
 10248 | D:9      | Noticed a cyclops
 10248 | D:9      | Noticed a death knight
 10348 | D:9      | Noticed a brown ugly thing
 10358 | D:9      | Found a transporter.
 10358 | D:9      | Found a one-way gate to the infinite horrors of the Abyss.
 10358 | D:9      | Noticed minbekrie's ghost (novice TrMo)
 10359 | D:9      | Noticed a soul eater
 10667 | D:9      | Reached XP level 10. HP: 45/50 MP: 10/27
 10713 | D:9      | Noticed a skeletal warrior
 10924 | D:9      | Reached skill level 12 in Spellcasting
 10992 | D:9      | Found a transporter.
 11111 | D:9      | Noticed a toenail golem
 11292 | D:9      | Found a shadowy altar of Dithmenos.
 11376 | D:10     | Entered Level 10 of the Dungeon
 11376 | D:10     | Found a staircase to the Lair.
 11382 | D:10     | Reached skill level 5 in Translocations
 11385 | D:10     | Noticed Grum
 11463 | D:10     | Learned a level 3 spell: Swiftness
 11491 | D:10     | Killed Grum
 11493 | D:10     | Reached skill level 5 in Fire Magic
 11511 | D:10     | Found a runed translucent gate.
 11614 | D:10     | Reached skill level 1 in Air Magic
 11622 | D:10     | Found a runed translucent gate.
 11622 | D:10     | Found a runed translucent gate.
 11622 | D:10     | Noticed MrClown's ghost (journeyman DsNe)
 11645 | D:10     | Noticed Psyche
 11655 | D:10     | Killed Psyche
 11807 | D:10     | Noticed a gargoyle
 11918 | D:10     | Found a staircase to the Orcish Mines.
 12119 | D:10     | Noticed a two-headed ogre
 12130 | D:10     | Killed a two-headed ogre
 12130 | D:10     | Offered knowledge of Ignite Poison by Vehumet.
 12131 | D:10     | Reached skill level 13 in Spellcasting
 12151 | D:10     | Killed a gargoyle
 12347 | D:11     | Noticed a manticore
 12351 | D:11     | Reached XP level 11. HP: 54/54 MP: 28/30
 15042 | D:11     | Learned a level 5 spell: Iskenderun's Battlesphere
 15082 | D:11     | Found a runed translucent gate.
 15082 | D:11     | Found a runed translucent gate.
 15083 | D:11     | Found a runed translucent gate.
 15085 | D:11     | Noticed a glowing orange brain
 15086 | D:11     | Noticed zero's ghost (journeyman KoHs)
 15087 | D:11     | Found a viscous altar of Jiyva.
 15207 | Lair:1   | Entered Level 1 of the Lair of Beasts
 15221 | Lair:1   | Reached skill level 14 in Spellcasting
 15315 | D:8      | Killed Joseph
 16004 | D:5      | Killed Blork the orc
 16095 | D:5      | Found a glowing golden altar of the Shining One.
 16235 | Lair:1   | Reached skill level 5 in Air Magic
 16665 | Lair:1   | Reached *** piety under Vehumet
 16843 | Lair:1   | Reached XP level 12. HP: 59/59 MP: 27/32
 16858 | Lair:1   | Found a snail-covered altar of Cheibriados.
 17614 | Lair:2   | Found a staircase to the Swamp.
 17639 | Lair:2   | Noticed a boulder beetle
 20858 | Lair:1   | Learned a level 7 spell: Orb of Destruction
 21630 | Lair:3   | Noticed a six-headed hydra
 21637 | Lair:3   | Killed a six-headed hydra
 21638 | Lair:3   | Reached skill level 15 in Spellcasting
 21751 | Lair:3   | Found a frozen archway.
 21761 | IceCv    | Entered an ice cave
 22144 | IceCv    | Noticed a quicksilver ooze
 22320 | IceCv    | Offered knowledge of Mephitic Cloud by Vehumet.
 22438 | IceCv    | Killed a quicksilver ooze
 22712 | IceCv    | Noticed a quicksilver ooze
 22717 | IceCv    | Killed a quicksilver ooze
 22921 | IceCv    | Found a viscous altar of Jiyva.
 22924 | IceCv    | Noticed an azure jelly
 22929 | IceCv    | Noticed an azure jelly
 22964 | IceCv    | Noticed a quicksilver ooze
 22968 | IceCv    | Killed a quicksilver ooze
 23745 | IceCv    | Killed an azure jelly
 23746 | IceCv    | Reached skill level 10 in Fire Magic
 24684 | IceCv    | Killed an azure jelly
 24685 | IceCv    | Reached XP level 13. HP: 63/63 MP: 24/34
 26663 | IceCv    | Identified the ring "Rucelatz" {rF+ MP+9}
 26666 | IceCv    | Identified the ring of the Dozen Nights {Ice rPois}
 26766 | IceCv    | Glimpsed the power of Zot.
 26796 | Lair:3   | Reached skill level 16 in Spellcasting
 26881 | Lair:3   | Learned a level 5 spell: Arcjolt
 27649 | Lair:3   | Learned a level 4 spell: Airstrike
 27746 | Lair:4   | Noticed Nessos
 27752 | Lair:4   | Found a dark tunnel.
 27753 | Lair:4   | HP: 3/63 [Nessos/arrow (1)]
 27759 | Lair:4   | Shot with an arrow by Nessos

Illustrated notes

Levels and vault maps discovered:
D:1:      evilmike_arrival_crescent, layout_basic
D:2:      layout_basic, kennysheep_generic_room_11
D:3:      layout_rooms, mainiacjoe_overflow_24_doors, ebering_ghost_inner_flame
D:4:      layout_basic, overflow_temple_1_default,
          minmay_temple_entry_butterflies, gammafunk_ghost_necromancy
D:5:      layout_layer_cave, nicolae_tso_swordbearing_angel, uniq_blork_the_orc
D:6:      layout_basic, mainiacjoe_overflow_catwalk,
          nicolae_elyvilon_temple_path, mainiacjoe_overflow_catch_the_wave
D:7:      layout_basic, marbit_many_paths, mainiacjoe_overflow_chevrons,
          roderic_serpentine_path, grunt_ministairs_13, chequers_arboretum
D:8:      layout_loops_ring, minmay_door_square, st_stairs_8,
          lemuel_flamethrower_2, uniq_joseph
D:9:      layout_small_grid, lemuel_tele_altar, gammafunk_ghost_abyssal_escape,
          nicolae_transmutations_shop, hangedman_decor_opposing, minivault_12
D:10:     layout_roguey, minmay_lair_entry_grove, orc_0_dummy,
          gammafunk_ghost_nasty_kobolds, serial_rivers,
          chequers_serial_rivers_small_3, chequers_serial_rivers_large_b,
          chequers_serial_rivers_small_a, chequers_serial_rivers_micro_c,
          chequers_serial_rivers_micro_c, uniq_psyche, uniq_grum
D:11:     layout_big_octagon, gammafunk_ghost_ooze
Temple:   nicolae_temple_ecumenical_triangle
Lair:1:   layout_misc_corridors, kennysheep_snail_temple
Lair:2:   layout_roguey, swamp_mist_pool, nicolae_spider_entry_non_spiders,
          minmay_lair_oklob_bushes
Lair:3:   layout_hall_layers, portal_ice_cave_entry_pillars_1,
          grunt_forest_large_clearing_hut, grunt_megastairs_3
Lair:4:   layout_layer_cave, nicolae_volcano_entry_two_sided,
          infiniplex_staircase_pool_2, uniq_snorg, uniq_nessos

Skill      XL: |  1  2  3  4  5  6  7  8  9 10 11 12 13 |
---------------+----------------------------------------+-----
Spellcasting   | 4 5 6 7 8 10 11 13 14 15 16 | 16.2
Conjurations   | 5 6 7 8 9 10 11 12 14 | 14.3
Hexes          | 1 4 5 6 |  6.0
Translocations | 1 3 4 5 6 |  6.0
Fire Magic     | 3 6 8 10 | 10.5
Air Magic      | 2 5 7 8 |  8.3
Dodging        | |  2.4
Stealth        | |  2.4

Action                     |  1- 3 |  4- 6 |  7- 9 | 10-12 | 13-15 || total
---------------------------+-------+-------+-------+-------+-------++-------
  Melee: Short sword       |       |     2 |    10 |       |       ||    12
         Staff             |       |       |       |     1 |       ||     1
   Cast: Magic Dart        |    49 |   126 |   120 |   231 |    30 ||   556
         Searing Ray       |     1 |    11 |    27 |    10 |       ||    49
         Fulminant Prism   |       |       |     7 |    41 |       ||    48
         Iskenderun's Myst |       |       |    21 |    85 |    10 ||   116
         Iskenderun's Batt |       |       |       |    56 |     8 ||    64
         Swiftness         |       |       |       |     2 |       ||     2
         Arcjolt           |       |       |       |       |     3 ||     3
    Use: Scroll            |       |     8 |     6 |     6 |     3 ||    23
         Potion            |       |     2 |       |     1 |     6 ||     9
 Armour: Robe              |       |     1 |       |       |       ||     1
         Leather armour    |       |     7 |    16 |    10 |       ||    33
  Dodge: Dodged            |     2 |     9 |    23 |    30 |     6 ||    70

Table legend: (Time is in decaauts)
 A = Elapsed time spent in this place.
 B = Non-inter-level travel time spent in this place.
 C = Inter-level travel time spent in this place.
 D = Time resting spent in this place.
 E = Time spent auto-exploring this place.
 F = Levels seen in this place.
 G = Mean time per level.
                   A        B        C        D        E       F      G
               +--------+--------+--------+--------+--------+-----+--------+
         Total |  27822 |  26740 |   1082 |  15639 |   6574 |  17 | 1636.6 |
       Dungeon |  16375 |  15460 |    915 |   6949 |   5386 |  11 | 1488.6 |
        Temple |     14 |     14 |      0 |      0 |      1 |   1 |   14.0 |
          Lair |   6415 |   6249 |    166 |   4276 |   1115 |   4 | 1603.8 |
      Ice Cave |   5016 |   5016 |      0 |   4414 |     72 |   1 | 5016.0 |
               +--------+--------+--------+--------+--------+-----+--------+

Top non-repeatable levels by time:
   IceCv: 5016 daAuts
  Lair:2: 4094 daAuts
    D:10: 2097 daAuts
    D:11: 1793 daAuts
     D:9: 1765 daAuts
     D:5: 1629 daAuts
     D:8: 1496 daAuts
     D:3: 1473 daAuts
     D:7: 1380 daAuts
     D:4: 1288 daAuts
  Lair:1: 1217 daAuts
     D:2: 1207 daAuts
     D:6: 1146 daAuts
     D:1: 1096 daAuts
  Lair:3: 1017 daAuts
